 Dungeon Crawl Stone Soup version 0.30-a0-118-ga018f8e90f (webtiles) character file.

Game seed: 14071591345219948199

66 Newt the Ducker (level 3, -6/27 HPs)
             Began as a Demonspawn Gladiator on Sept 13, 2022.
             Was a Follower of Uskayaw.
             Mangled by Crazy Yiuf
             ... wielding a +3 quarterstaff of chaos
              (16 damage)
             ... on level 2 of the Dungeon.
             The game lasted 00:02:43 (2263 turns).

Newt the Ducker (Demonspawn Gladiator)              Turns: 2263, Time: 00:02:44

Health: -6/27      AC:  3    Str: 18    XL:     3   Next: 96%
Magic:  0/3        EV: 12    Int:  8    God:    Uskayaw [*.....]
Gold:   41         SH:  0    Dex: 15    Spells: 2/2 levels left

rFire   . . .      SeeInvis .    h - +0 sling
rCold   . . .      Faith    .    (no shield)
rNeg    . . .      Spirit   .    b - +0 leather armour
rPois   .          Reflect  .    (helmet restricted)
rElec   .          Harm     .    (no cloak)
rCorr   .          Rampage  .    (no gloves)
Will    .....                    (no boots)
Stlth   ++........               (no amulet)
HPRegen 0.09/turn                (no ring)
MPRegen 0.08/turn                (no ring)

@: no status effects
A: powered by death 1, hooves 1, horns 1, strong 1
a: Renounce Religion, Stomp


You were on level 2 of the Dungeon.
You worshipped Uskayaw.
Uskayaw was noncommittal.
You visited 1 branch of the dungeon, and saw 2 of its levels.

You collected 41 gold pieces.

Inventory:

Hand Weapons
 a - a +0 rapier
 h - a +0 sling (weapon)
Missiles
 d - 2 throwing nets
 e - a javelin
 m - 4 atropa-tipped darts
Armour
 b - a +0 leather armour (worn)
 c - a +0 helmet
 i - a +0 pair of gloves
Jewellery
 n - a ring of resist corrosion
Scrolls
 f - 2 scrolls of identify
 o - 2 scrolls of noise
 p - a scroll of butterflies {unknown}
Potions
 g - a potion of might {unknown}
 j - a potion of lignification {unknown}
 k - a potion of berserk rage {unknown}
 l - a potion of curing {unknown}


   Skills:
 - Level 2.0 Fighting
 - Level 2.6 Short Blades
 + Level 2.5 Ranged Weapons
 - Level 1.7 Throwing
 - Level 2.6 Dodging
 - Level 2.0 Stealth


You had 2 spell levels left.
You didn't know any spells.
Your spell library was empty.

Dungeon Overview and Level Annotations

Branches:
Dungeon (2/15)

Altars:
Uskayaw

Annotations:
D:2 Crazy Yiuf


Innate Abilities, Weirdness & Mutations

You regenerate a little health from kills.
You have large cloven feet.
You have a pair of small horns on your head.
Your muscles are strong. (Str +4, Int/Dex -1)


Message History

Unknown command.
Unknown command.
Unknown command.
You shoot a sling bullet.
The sling bullet hits Crazy Yiuf but does no damage.
Crazy Yiuf struggles against the net.
Crazy Yiuf whimpers, "Proton!
Goldfish canine disdain."
Crazy Yiuf struggles against the net.
You shoot a sling bullet.
The sling bullet completely misses Crazy Yiuf.
Crazy Yiuf struggles against the net.
You shoot a sling bullet.
The sling bullet barely misses Crazy Yiuf.
Crazy Yiuf struggles against the net.
You shoot a sling bullet. The sling bullet hits Crazy Yiuf.
Crazy Yiuf is moderately wounded.
Crazy Yiuf says, "Walk down hand!"
Crazy Yiuf struggles against the net.
The net rips apart, and Crazy Yiuf comes free!
Crazy Yiuf closely misses you.
You shoot a sling bullet.
The sling bullet hits Crazy Yiuf but does no damage.
Crazy Yiuf is moderately wounded.
Crazy Yiuf hits you with a +3 quarterstaff of chaos.
Crazy Yiuf burns you.
You shoot a sling bullet.
The sling bullet barely misses Crazy Yiuf.
Crazy Yiuf hits you with a +3 quarterstaff of chaos!
Ouch! That really hurt!
You feel your power leaking away.
You are too injured to fight recklessly!
Fire: h) +0 sling
Press: ? - help, Q - select action, (/) - cycle Shift-Dir - straight line, f/p - Crazy Yiuf
Aim: Crazy Yiuf, wielding a +3 quarterstaff of chaos and wearing a +0 cloak (moderately wounded, 61% to hit)
You shoot a sling bullet. The sling bullet hits Crazy Yiuf.
Crazy Yiuf is heavily wounded.
Crazy Yiuf says, "Leather seventy sow!"
Crazy Yiuf hits you with a +3 quarterstaff of chaos!
Ouch! That really hurt!
You die...

#.##......#.##....#.# #<#
#.#############...#.####.#
#.# #.÷......... #.# #####
#..........# #.### #)..#
#.######.... #...# #...#
#.# #..). ##### ...
#.######.... #g#
#........... ♣@♣♣
#.....##.#.# ♣♣.♣
#.....#..... ♣.♣♣
#......#.... ♣♣.♣
#......#.... ##### ♣♣.♣♣
#......#.... #...# ♣♣...♣
#......#.... #.#.# ♣....♣
#......#.... #.#.# #....#
#......#.... #.#.#
##..####......#....


You could see Crazy Yiuf.

Vanquished Creatures
  3 adders (D:2)
  A worm (D:2)
  2 endoplasms
  6 giant cockroaches
  2 goblins
  2 hobgoblins (D:1)
  7 kobolds
  2 quokkas (D:2)
  2 ball pythons
  2 bats
  4 frilled lizards
33 creatures vanquished.

Notes
Turn   | Place    | Note
-------+----------+-------------------------------------------
     0 | D:1      | Newt the Demonspawn Gladiator began the quest for the Orb.
     0 | D:1      | Reached XP level 1. HP: 16/16 MP: 1/1
   174 | D:1      | Reached skill level 1 in Stealth
   349 | D:1      | Found a faded altar of an unknown god.
   388 | D:1      | Prayed at the altar of an unknown god.
   388 | D:1      | Became a worshipper of Uskayaw the Reveller
   388 | D:1      | Reached * piety under Uskayaw
   468 | D:1      | Gained mutation: You regenerate a little health from kills.
                  | [demonic ancestry]
   468 | D:1      | Reached XP level 2. HP: 22/22 MP: 2/2
   469 | D:1      | Reached ** piety under Uskayaw
   681 | D:1      | Gained mutation: You have large cloven feet. [potion of
                  | mutation]
   681 | D:1      | Gained mutation: You have a pair of small horns on your
                  | head. [potion of mutation]
   681 | D:1      | Gained mutation: Your muscles are strong. (Str +4, Int/Dex
                  | -1) [potion of mutation]
   687 | D:1      | Reached *** piety under Uskayaw
  1110 | D:2      | Reached skill level 1 in Ranged Weapons
  1110 | D:2      | Reached XP level 3. HP: 20/27 MP: 3/3
  1608 | D:2      | Identified the +1 hand axe of Hepliaklqana's Esteem {drain,
                  | Dex+4}
  1930 | D:2      | Found a runed translucent door.
  1931 | D:2      | Noticed Crazy Yiuf
  2263 | D:2      | Mangled by Crazy Yiuf

Illustrated notes

Levels and vault maps discovered:
D:1:      minmay_arrival_solitary_statue, layout_basic,
          hellmonk_ecumenical_altar_slurped_away
D:2:      layout_basic, minmay_ruptured, uniq_crazy_yiuf_cottage

Skill      XL: |  1  2  3 |
---------------+----------+-----
Stealth        | 1 2 |  2.0
Ranged Weapons | 1 2 |  2.5
Fighting       | |  2.0
Short Blades   | |  2.6
Throwing       | |  1.7
Dodging        | |  2.6

Action                   || total
-------------------------++-------
Melee: Rapier            ||     1
 Fire: Sling             ||   153
Throw: Throwing net      ||     1
  Use: Scroll            ||     2
       Potion            ||     2
Armor: Leather armour    ||    43
Dodge: Dodged            ||    88

Table legend: (Time is in decaauts)
 A = Elapsed time spent in this place.
 B = Non-inter-level travel time spent in this place.
 C = Inter-level travel time spent in this place.
 D = Time resting spent in this place.
 E = Time spent auto-exploring this place.
 F = Levels seen in this place.
 G = Mean time per level.
                   A        B        C        D        E       F      G
               +--------+--------+--------+--------+--------+-----+--------+
         Total |   2321 |   2280 |     41 |      0 |   1950 |   2 | 1160.5 |
       Dungeon |   2321 |   2280 |     41 |      0 |   1950 |   2 | 1160.5 |
               +--------+--------+--------+--------+--------+-----+--------+

Top non-repeatable levels by time:
     D:2: 1191 daAuts
     D:1: 1129 daAuts
